Map: Mech Depot LE

Players

Revolution - Winner!

  • Race: Zerg Zerg
  • Spawn Location: 1:00

BackupB (xKawaiian)

  • Race: Terran Terran
  • Spawn Location: 7:00

Event: WCS Montreal 2017

VOD

Have the link to the VOD?

Description

Time

  • Played on: Sept. 8, 2017, 11:24 a.m.
  • Length: 6:46

All games in this series

Show
View Real Time Build Order
Export as new Build Order

Revolution Zerg - Winner!

Build Orders: Hatch First, Zergling Baneling 

Get SALT Encoding   

  12  0:00  Drone  
  13  0:12  Overlord  
  13  0:17  Drone  
  14  0:31  Drone x2  
  16  0:37  Drone  
  17  0:53  Hatchery  
  16  0:57  Drone  
  16  0:59  Extractor  
  16  1:02  Drone  
  17  1:15  Spawning Pool  
  17  1:17  Drone  
  17  1:20  Drone  
  18  1:27  Drone  
  19  1:38  Overlord  
  19  1:49  Drone  
  20  2:03  Queen, Zergling x2  
  20  2:04  Metabolic Boost  
  20  2:06  Queen  
  25  2:09  Zergling x2  
  26  2:16  Drone  
  26  2:19  Drone  
  26  2:22  Drone  
  29  2:30  Drone  
  30  2:39  Hatchery  
  29  2:47  Overlord  
  29  2:50  Drone x3  
  32  2:56  Overlord  
  32  3:07  Drone x2  
  32  3:10  Queen  
  35  3:20  Overlord  
  35  3:22  Drone x5  
  40  3:31  Overlord  
  40  3:40  Queen  
  42  3:48  Queen  
  44  3:54  Queen  
  46  4:00  Baneling Nest  
  45  4:03  Drone  
  45  4:04  Drone x2  
  45  4:05  Drone x3  
  45  4:06  Zergling x10  
  56  4:16  Queen  
  58  4:18  Drone x3  
  58  4:21  Zergling x4  
  63  4:27  Queen  
  65  4:37  Drone, Evolution Chamber  
  65  4:38  Overlord  
  65  4:39  Overlord, Evolution Chamber  
  65  4:44  Baneling x3  
  65  4:45  Baneling  
  64  4:47  Baneling x2  
  64  4:50  Zergling x2, Baneling x2  
  60  5:06  Drone x14  
  72  5:13  Queen  
  74  5:19  Overlord x3  
  73  5:27  Spore Crawler  
  72  5:29  Spore Crawler  
  72  5:30  Spore Crawler  
  70  5:36  Zergling x8  
  70  5:37  Zergling x4  
  70  5:40  Overlord x2  
  76  5:44  Extractor, Drone x2  
  76  5:45  Extractor  
  76  5:58  Drone  
  76  5:59  Drone x9  
  82  6:23  Drone  
  82  6:24  Drone x10  
  93  6:28  Extractor  
  93  6:29  Extractor  
  93  6:31  Extractor  
  89  6:38  Hatchery  
Show
View Real Time Build Order
Export as new Build Order

BackupB Terran 

Build Orders: Hellion Opening 

Get SALT Encoding   

  12  0:01  SCV  
  13  0:13  SCV  
  14  0:17  Supply Depot  
  14  0:25  SCV  
  15  0:38  SCV  
  15  0:39  Barracks  
  16  0:44  Refinery  
  16  0:50  SCV  
  17  1:02  SCV  
  18  1:15  SCV  
  19  1:27  Orbital Command, Barracks Reactor  
  19  1:41  Command Center  
  19  1:53  SCV  
  19  1:54  Supply Depot  
  20  2:03  Marine x2  
  20  2:08  Factory  
  22  2:11  SCV  
  23  2:21  Marine x2  
  25  2:23  SCV  
  26  2:35  SCV  
  27  2:37  Refinery  
  27  2:41  Marine x2  
  29  2:47  SCV  
  30  2:57  Orbital Command  
  30  3:10  Starport, Marine, Hellion x2  
  35  3:16  SCV  
  36  3:24  Armory  
  37  3:32  Hellion x2  
  37  3:33  Supply Depot  
  37  3:34  Marine  
  40  3:36  SCV  
  40  3:37  SCV  
  43  3:51  Medivac  
  43  3:53  Marine  
  43  3:55  Hellion x2  
  50  4:04  SCV  
  50  4:05  Supply Depot  
  50  4:09  Liberator  
  52  4:11  Marine  
  54  4:17  SCV  
  53  4:27  Hellion x2  
  53  4:29  Supply Depot x2, Marine, SCV  
  62  4:38  Supply Depot  
  62  4:50  Marine, SCV  
  62  4:51  Hellion  
  68  4:53  Hellion  
  68  4:58  Liberator  
  50  5:08  Marine  
  48  5:15  Hellion x2  
  48  5:18  SCV  
  48  5:20  Command Center, SCV  
  55  5:32  Barracks Tech Lab  
  55  5:38  SCV x2  
  55  5:42  Engineering Bay x2  
  56  5:45  Engineering Bay  
  56  5:48  Barracks  
  56  5:50  SCV  
  47  5:57  Barracks, SCV  
  47  6:00  Factory Tech Lab, Starport Reactor  
  47  6:02  SCV  
  49  6:09  SCV  
  47  6:18  SCV  
  47  6:21  SCV  
  48  6:27  Marine  
  48  6:30  SCV  
  48  6:32  Barracks  
  49  6:33  Barracks  
  49  6:34  SCV  
Tags
 
Add a new tag
Caveats
  • Supply blocks, unpowered buildings, or Contaminate may cause inaccurate times.
  • Supply counts are checked every 10 seconds.